 Dungeon Crawl Stone Soup version 0.17-a0-1368-g6ab37f2 (webtiles) character file.

958 patman2 the Cleaver (level 7, -2/57 HPs)
             Began as a Minotaur Berserker on June 12, 2015.
             Was a Priest of Trog.
             Slain by a wight
             ... wielding a cursed +3 scimitar
              (4 damage)
             ... on level 7 of the Dungeon.
             The game lasted 00:07:40 (1273 turns).

patman2 the Cleaver (Minotaur Berserker)            Turns: 1273, Time: 00:07:42

Health: -2/57      AC:  6    Str: 22    XL:     7   Next: 91%
Magic:  6/6        EV: 11    Int:  4    God:    Trog [***...]
Gold:   141        SH:  0    Dex: 11    Spells: 0 memorised, 6 levels left

rFire  . . .     SeeInvis .     a - +0 hand axe
rCold  . . .     Clarity  .     f - +0 ring mail
rNeg   . . .     SustAt   .     (no shield)
rPois  .         Gourm    .     (helmet restricted)
rElec  .         Spirit   .     n - +0 cloak
rCorr  .         Warding  .     (no gloves)
rMut   .         Stasis   .     (no boots)
MR     .....                    (no amulet)
Stlth  +.........               (no ring)
                                (no ring)

@: exhausted, slowed, drained, very slow, not resistant to hostile enchantments,
very unstealthy
A: retaliatory headbutt, horns 2
a: Burn Spellbooks, Berserk, Trog's Hand, Renounce Religion


You were on level 7 of the Dungeon.
You worshipped Trog.
Trog was most pleased with you.
You were very hungry.

You visited 1 branch of the dungeon, and saw 7 of its levels.

You collected 141 gold pieces.

Inventory:

Hand weapons
 a - a +0 hand axe (weapon)
 g - a +1 antimagic dagger
 l - a +0 blowgun
Missiles
 d - 90 stones (quivered)
 k - 3 tomahawks
 m - 37 poisoned needles
Armour
 b - a +0 animal skin
 f - a +0 ring mail (worn)
 n - a +0 cloak (worn)
Scrolls
 q - a scroll of remove curse
 r - a scroll of teleportation {unknown}
 s - 2 scrolls of recharging
Potions
 i - 3 potions of degeneration
 j - a potion of agility
 o - 2 potions of curing
Comestibles
 c - 4 bread rations
 p - a meat ration


   Skills:
 - Level 3.6(2.8) Fighting
 + Level 11.3(10.3) Axes
 - Level 2.4(1.6) Armour
 - Level 2.1(1.4) Dodging


You had 6 spell levels left.
You didn't know any spells.

Dungeon Overview and Level Annotations

Branches:
Dungeon (7/15)
 Temple: D:4-7

Altars:
Trog


Innate Abilities, Weirdness & Mutations

You reflexively headbutt those who attack you in melee.
You have a pair of horns on your head.


Message History

You feel drained.
* * * LOW HITPOINT WARNING * * *
A jackal comes into view.
You are too injured to fight recklessly!
You are too injured to fight recklessly!
You completely miss the wight.
The wight is lightly damaged.
The wight barely misses you.
You slash the wight!
The wight is almost destroyed.
The wight hits you with an enchanted scimitar.
* * * LOW HITPOINT WARNING * * *
A jackal comes into view.
You barely miss the wight.
The wight is almost destroyed.
The jackal barks!
The wight hits you with an enchanted scimitar!
* * * LOW HITPOINT WARNING * * *
You feel drained.
You die...

#.. #h# #.# #.#
#.## ## #)<#
##..##)h#####..
##......).......
#....$..@z......
+........########
##......##
##...%## ##..#
##. ##


You could see a wight and 2 jackals.

Vanquished Creatures
  A hippogriff (D:6)
  Menkaure (D:5)
  2 eyes of draining (D:4)
  A sky beast (D:6)
  4 wights (D:7)
  An orc priest (D:3)
  A hound (D:4)
  2 orc wizards (D:6)
  2 worker ants
  4 gnolls
  An adder (D:1)
  A shadow imp (D:6)
  An adder skeleton (D:4)
  A worm (D:3)
  5 orcs
  A ball python (D:4)
  4 hobgoblins
  4 kobolds
  4 quokkas
  4 bats
  A giant cockroach (D:3)
  A giant newt (D:2)
  5 goblins
  5 rats
57 creatures vanquished.

Notes
Turn   | Place    | Note
--------------------------------------------------------------
     0 | D:1      | patman2 the Minotaur Berserker began the quest for the Orb.
     0 | D:1      | Reached XP level 1. HP: 19/19 MP: 0/0
    87 | D:2      | Reached skill level 4 in Axes
   140 | D:2      | Reached XP level 2. HP: 24/26 MP: 1/1
   209 | D:3      | Reached skill level 5 in Axes
   209 | D:3      | Reached XP level 3. HP: 10/31 MP: 2/2
   246 | D:3      | Acquired Trog's second power
   370 | D:3      | Reached XP level 4. HP: 17/39 MP: 3/3
   417 | D:3      | Reached skill level 6 in Axes
   464 | D:4      | Found a bloodstained altar of Trog.
   464 | D:4      | Noticed an eye of draining
   465 | D:4      | Noticed an eye of draining
   474 | D:4      | Killed an eye of draining
   474 | D:4      | Reached skill level 7 in Axes
   474 | D:4      | Reached XP level 5. HP: 36/45 MP: 0/4
   477 | D:4      | Killed an eye of draining
   477 | D:4      | Reached skill level 8 in Axes
   524 | D:4      | Reached XP level 6. HP: 22/51 MP: 5/5
   592 | D:5      | Entered Level 5 of the Dungeon
   620 | D:6      | Noticed a hippogriff
   627 | D:6      | Killed a hippogriff
   627 | D:6      | Reached skill level 9 in Axes
   770 | D:6      | Reached XP level 7. HP: 7/57 MP: 6/6
  1027 | D:5      | Noticed Menkaure
  1037 | D:5      | Killed Menkaure
  1037 | D:5      | Reached skill level 10 in Axes
  1262 | D:7      | Reached skill level 11 in Axes
  1273 | D:7      | HP: 2/57 [wight/enchanted scimitar (9)]
  1273 | D:7      | Slain by a wight

Vault maps used:
D:1:      dpeg_arrival_water_fire
D:2:      kennysheep_big_flooded_room, uniq_jessica
D:3:      ecumenical_altar_2
D:4:      trog_eyes_of_draining, serial_shops, nicolae_shop_window_shopping,
          kennysheep_mini, shop, shop, shop, minivault_11
D:5:      first_bread, minmay_misc_feat_ornament, uniq_menkaure, uniq_edmund,
          uniq_crazy_yiuf_cottage, uniq_prince_ribbit1
D:6:      lemuel_doored_altar, okawaru_altar_gauntlet_db, basic_altar
D:7:      minmay_temple_entry_butterflies, enter_bailey_2,
          grunt_decor_arrowhead, due_unseen_surprise

Action                   |  1- 3 |  4- 6 |  7- 9 || total
-------------------------+-------+-------+-------++-------
Melee: Hand axe          |    41 |    77 |    39 ||   157
Invok: Berserk           |       |     2 |     2 ||     4
  Use: Scroll            |       |     5 |       ||     5
  Eat: Chunk             |       |     1 |     1 ||     2
       Royal jelly       |       |       |     1 ||     1
